 Dungeon Crawl Stone Soup version 0.23.2-33-g5129a83184 (webtiles) character file.

Game seed: 18112486344307051922

270 DorianNounverber the Digger (level 6, -4/35 HPs)
             Began as a Gargoyle Earth Elementalist on July 13, 2019.
             Killed by divine providence
             ... invoked by an orc priest
              (15 damage)
             ... on level 4 of the Dungeon.
             The game lasted 00:11:31 (4073 turns).

DorianNounverber the Digger (GrEE)                  Turns: 4073, Time: 00:11:31

Health: -4/35      AC:  6    Str: 12    XL:     6   Next: 22%
Magic:  6/11       EV: 12    Int: 17    God:
Gold:   144        SH:  0    Dex: 10    Spells: 3/12 levels left

rFire    . . .     SeeInvis .   r - +0 flail
rCold    . . .     Gourm    .   (no shield)
rNeg     + . .     Faith    .   c - +0 robe
rPois    ∞         Spirit   .   (no helmet)
rElec    +         Reflect  .   (no cloak)
rCorr    .         Harm     .   (no gloves)
MR       .....                  (no boots)
Stlth    +.........             (no amulet)
HPRegen  0.11/turn              (no ring)
MPRegen  0.12/turn              (no ring)

@: confused
A: negative energy resistance 1, electricity resistance, unbreathing,
petrification resistance, rot immunity, AC +4
a: no special abilities


You were on level 4 of the Dungeon.
You were not hungry.

You visited 1 branch of the dungeon, and saw 4 of its levels.

You collected 144 gold pieces.

Inventory:

Hand Weapons
 e - a +0 dagger
 f - a +0 short sword
 g - a +0 whip
 r - a +0 flail (weapon)
Missiles
 b - 48 stones (quivered)
 l - 7 javelins of penetration
Armour
 c - a +0 robe (worn)
Jewellery
 j - an uncursed ring of protection from cold {unknown}
Wands
 k - a wand of acid (10)
 n - a wand of disintegration (16)
Scrolls
 a - 6 scrolls of identify {unknown}
 h - 4 scrolls of remove curse {unknown}
 i - a scroll of immolation {unknown}
 o - 2 scrolls of enchant armour {unknown}
 p - a scroll of fog {unknown}
 t - a scroll of blinking {unknown}
Potions
 m - a potion of brilliance {unknown}
 q - a potion of flight {unknown}
Comestibles
 d - 4 rations


   Skills:
 + Level 2.0 Fighting
 + Level 1.4 Maces & Flails
 + Level 2.4 Dodging
 - Level 2.1 Stealth
 * Level 3.5 Spellcasting
 * Level 0.2 Conjurations
 + Level 0.1 Translocations
   Level 0.7 Transmutations
 + Level 0.0 Fire Magic
 * Level 5.3 Earth Magic
 + Level 0.2 Evocations


You had 3 spell levels left.
You knew the following spells:

 Your Spells              Type           Power        Failure   Level  Hunger
a - Sandblast             Erth           ###...       1%          1    None
b - Stone Arrow           Conj/Erth      ##....       16%         3    ###....
c - Blink                 Tloc           N/A          24%         2    ##.....
d - Conjure Flame         Conj/Fire      #.......     43%         3    ###....

Your spell library contained the following spells:

 Spells                   Type           Power        Failure   Level  Hunger
 Passwall                 Tmut/Erth      ##......     7%          2    ##.....
 Magic Dart               Conj           #...         16%         1    None
 Call Imp                 Summ           #.......     26%         2    ##.....
 Slow                     Hex            #.......     26%         2    ##.....
 Mephitic Cloud           Conj/Pois/Air  #.......     43%         3    ###....
 Petrify                  Tmut/Erth      ##......     43%         4    ####...
 Lee's Rapid Deconstruct  Erth           ###.......   45%         5    ######.


Dungeon Overview and Level Annotations

Branches:
Dungeon (4/15)
 Temple: D:4-7

Altars:
The Shining One


Innate Abilities, Weirdness & Mutations

You are resistant to torment.
Your stone body is resilient. (AC +4)
You are immune to poison.
You resist negative energy. (rN+)
You are resistant to electric shocks. (rElec)
You can survive without breathing.
You are immune to petrification.
You are immune to rotting.


Message History

Sorry, you're not good enough to have a special ability.
Unknown command.
You're too confused to cast spells.
Sorry, you're not good enough to have a special ability.
You bump into the rock wall.
The orc priest closely misses you. Something barely misses you.
You sock the orc priest!
The orc priest is heavily wounded.
The orc priest hits you.
You hear some strange, mumbled words.
You are more confused.
You bump into the rock wall.
The orc priest hits you. Something hits you but does no damage.
You bump into the rock wall.
The orc priest completely misses you. Something hits you but does no damage.
You miss the orc priest.
The orc priest is heavily wounded.
The orc priest mumbles some strange prayers to Beogh against you.
Beogh smites you!
You die...

#.......#
#.......+
#.......###
#####o#...#
#.#.#.#
#.#.# #
#.#<# #
#.###.#
#.{@o.#
####..# ..#
..# ###


You could see an orc priest.

Vanquished Creatures
  An iguana (D:4)
  Terence (D:3)
  Natasha (twice) (D:3)
  4 gnolls (D:2)
  An adder (D:3)
  An ooze (D:3)
  3 worms
  2 dart slugs
  3 leopard geckos
  13 orcs
  6 giant cockroaches
  9 goblins
  7 hobgoblins
  5 jackals
  7 kobolds
  A quokka (D:2)
  2 ball pythons
  9 bats
  6 frilled lizards
  6 rats
89 creatures vanquished.

Notes
Turn   | Place    | Note
-------+----------+-------------------------------------------
     0 | D:1      | DorianNounverber the Gargoyle Earth Elementalist began the
                  | quest for the Orb.
     0 | D:1      | Reached XP level 1. HP: 10/10 MP: 3/3
   212 | D:1      | Reached XP level 2. HP: 13/16 MP: 1/5
   614 | D:1      | Reached skill level 4 in Earth Magic
   973 | D:1      | Reached XP level 3. HP: 18/20 MP: 4/6
  1185 | D:1      | Reached skill level 1 in Fighting
  1510 | D:2      | Learned a level 3 spell: Stone Arrow
  2019 | D:2      | Found a glowing golden altar of the Shining One.
  2138 | D:2      | Reached XP level 4. HP: 19/25 MP: 5/8
  2741 | D:3      | Reached skill level 1 in Maces & Flails
  2741 | D:3      | Reached XP level 5. HP: 28/29 MP: 9/9
  3262 | D:3      | Noticed Terence
  3298 | D:3      | Killed Terence
  3298 | D:3      | Reached skill level 5 in Earth Magic
  3528 | D:3      | Learned a level 2 spell: Blink
  3532 | D:3      | Learned a level 3 spell: Conjure Flame
  3582 | D:3      | Noticed Natasha
  3600 | D:3      | Killed Natasha
  3796 | D:3      | Noticed Natasha
  3802 | D:3      | Killed Natasha
  3802 | D:3      | Reached XP level 6. HP: 35/35 MP: 4/11
  4073 | D:4      | Killed from afar by an orc priest

Skill      XL: |  1  2  3  4  5  6 |
---------------+-------------------+-----
Earth Magic    | 4 5 |  5.3
Fighting       | 1 2 |  2.0
Dodging        | 2 |  2.4
Spellcasting   | 3 |  3.5
Maces & Flails | 1 |  1.4
Stealth        | |  2.1
Conjurations   | |  0.2
Translocations | |  0.1
Transmutations | |  0.7
Evocations     | |  0.2

Action                   |  1- 3 |  4- 6 || total
-------------------------+-------+-------++-------
Melee: Dagger            |    38 |       ||    38
       Short sword       |    13 |       ||    13
       Whip              |    95 |    82 ||   177
       Flail             |       |    41 ||    41
 Cast: Sandblast         |    28 |    59 ||    87
       Stone Arrow       |     1 |     6 ||     7
       Conjure Flame     |       |     1 ||     1
 Stab: Sleeping          |     4 |     1 ||     5
  Eat: Chunk             |     1 |     5 ||     6
       Ration            |     1 |     1 ||     2
Armor: Robe              |    55 |    68 ||   123
Dodge: Dodged            |   116 |   129 ||   245
